 Dungeon Crawl Stone Soup version 0.27.0-1-g7a089689b8 (webtiles) character file.

Game seed: 17166844690829767472

11 nxtlvl the Ducker (level 2, 9/18 HPs)
             Began as a Deep Elf Monk on Aug 7, 2021.
             Was a Believer of Elyvilon.
             Quit the game on level 1 of the Dungeon.
             The game lasted 00:01:56 (241 turns).

nxtlvl the Ducker (Deep Elf Monk)                    Turns: 241, Time: 00:01:57

Health: 9/18       AC:  5    Str:  8    XL:     2   Next: 13%
Magic:  4/4        EV: 11    Int: 14    God:    Elyvilon [**....]
Gold:   21         SH:  5    Dex: 17    Spells: 1/1 levels left

rFire    . . .     SeeInvis .   a - +0 falchion
rCold    . . .     Faith    .   (no shield)
rNeg     . . .     Spirit   .   c - +0 ring mail
rPois    .         Reflect  +   (no helmet)
rElec    .         Harm     .   (no cloak)
rCorr    .         Rampage  .   (no gloves)
Will     .....                  (no boots)
Stlth    ++........             d - amulet of reflection
HPRegen  0.06/turn              (no ring)
MPRegen  0.09/turn              (no ring)

@: no status effects
A: no striking features
a: Renounce Religion, Lesser Healing, Heal Other, Divine Protection


You were on level 1 of the Dungeon.
You worshipped Elyvilon.
Elyvilon was pleased with you.
You visited 1 branch of the dungeon, and saw 1 of its levels.

You collected 21 gold pieces.

Inventory:

Hand Weapons
 a - a +0 falchion (weapon)
Armour
 c - a +0 ring mail (worn)
Magical Staves
 e - a staff of cold
Jewellery
 d - an amulet of reflection (around neck)
Scrolls
 f - a scroll of identify {unknown}
Potions
 b - a potion of curing {unknown}
 g - a potion of heal wounds {unknown}
 h - a potion of cancellation {unknown}


   Skills:
 - Level 2.4 Fighting
 * Level 3.3 Long Blades
 - Level 3.6 Dodging
 - Level 2.4 Stealth


You had one spell level left.
You didn't know any spells.
Your spell library was empty.

Dungeon Overview and Level Annotations

Branches:
Dungeon (1/15)

Altars:
Elyvilon


Message History

You completely miss the jackal.
The jackal bites you but does no damage.
You hit the jackal.
The jackal is almost dead.
The jackal barely misses you. The jackal closely misses you.
You hit the jackal but do no damage.
The jackal is almost dead.
You block the jackal's attack.
You closely miss the jackal.
The jackal is almost dead.
The jackal misses you. The jackal bites you.
You closely miss the jackal.
The jackal is almost dead.
You block the jackal's attack.
You barely miss the jackal.
The jackal is almost dead.
The jackal closely misses you.
The jackal bites you but does no damage.
You hit the jackal.
You kill the jackal!
A jackal comes into view.
The jackal bites you.
Found a faded altar of an unknown god.
You hit the jackal but do no damage.
The jackal bites you but does no damage.
Your ring mail prevents you from hitting the jackal.
The jackal completely misses you.
You riposte.
You hit the jackal.
You kill the jackal!
Found a robe.
You see here a jackal corpse.
Things that are here:
a +0 robe; a human skeleton
There is a faded altar of an unknown god here.
You cannot tell which god this altar belongs to.
Convert to them anyway?
Elyvilon accepts your prayer! Elyvilon welcomes you!
You can now provide lesser healing for yourself.
You can now call on Elyvilon to save your life.
You can now heal and attempt to pacify others.
Are you sure you want to abandon this character and quit the game? (Confirm with "yes".)

##.########
#..........
#####...#.####
#.......#.# ###
..##......# ##P##
#####.....###..P#
##.###P#P...#
#.##..#.P≈[♣#
#.##.#†.≈≈.@#
#.##.##.≈≈.♣#
#..P.P#P...#
#...####..P#
#.### ##P## #...
### #..# #..#
...#


There were no monsters in sight!

Vanquished Creatures
  2 ball pythons (D:1)
  An endoplasm (D:1)
  2 hobgoblins (D:1)
  2 jackals (D:1)
  A quokka (D:1)
  A rat (D:1)
9 creatures vanquished.

Vanquished Creatures (others)
  A fungus (D:1)
1 creature vanquished.

Grand Total: 10 creatures vanquished

Notes
Turn   | Place    | Note
-------+----------+-------------------------------------------
     0 | D:1      | nxtlvl the Deep Elf Monk began the quest for the Orb.
     0 | D:1      | Reached XP level 1. HP: 13/13 MP: 3/3
   181 | D:1      | Reached XP level 2. HP: 17/18 MP: 4/4
   229 | D:1      | Found a faded altar of an unknown god.
   240 | D:1      | Became a worshipper of Elyvilon the Healer
   240 | D:1      | Reached * piety under Elyvilon
   240 | D:1      | Reached ** piety under Elyvilon
   241 | D:1      | Quit the game

Illustrated notes

Levels and vault maps discovered:
D:1:      dpeg_arrival_stone_temple_mockup, layout_loops_corners,
          dreamdust_ecumenical_altar_hidden_monk_grotto, minmay_misc_feat_five,
          serial_bayou_pond_c, minmay_heptomino_l4

Skill      XL: |  1 |
---------------+----+-----
Long Blades    | 3 |  3.3
Fighting       | |  2.4
Dodging        | |  3.6
Stealth        | |  2.4

Action                   || total
-------------------------++-------
Melee: Falchion          ||    40
 Stab: Distracted        ||     1
       Sleeping          ||     1
Armor: Ring mail         ||    11
Dodge: Dodged            ||    21
Block: Other             ||     7
       Rpst.: Falchion   ||     5
